Map: Taito Citadel LE

Players

Pearhero

  • Race: Zerg Zerg
  • League: Diamond
  • Spawn Location: 5:00

bmoneyAK - Winner!

  • Race: Terran Terran
  • Spawn Location: 11:00

VOD

Have the link to the VOD?

Description

Time

  • Played on: Nov. 29, 2025, 4:34 p.m.
  • Length: 14:39
Show
View Real Time Build Order
Export as new Build Order

Pearhero Zerg 

Build Orders: Hatch First 

Get SALT Encoding   

  12  0:00  Drone  
  13  0:12  Overlord  
  13  0:18  Drone  
  14  0:30  Drone  
  14  0:31  Drone  
  14  0:35  Drone  
  17  0:50  Hatchery  
  17  0:53  Drone  
  17  0:58  Drone  
  18  1:09  Extractor  
  17  1:12  Spawning Pool  
  17  1:15  Drone  
  17  1:18  Drone  
  18  1:29  Drone  
  19  1:40  Drone  
  20  1:49  Overlord  
  20  2:02  Queen x2  
  20  2:03  Zergling x4  
  26  2:12  Metabolic Boost  
  26  2:14  Drone  
  26  2:15  Drone  
  28  2:25  Drone x2  
  30  2:36  Drone x2  
  32  2:40  Hatchery  
  31  2:44  Drone  
  31  2:48  Drone  
  33  2:56  Overlord, Drone  
  34  3:06  Drone  
  34  3:07  Drone  
  36  3:17  Queen x2  
  36  3:18  Overlord  
  36  3:19  Drone  
  42  3:20  Drone  
  42  3:22  Drone x2  
  44  3:36  Drone  
  44  3:37  Drone x4  
  49  3:52  Overlord x3  
  49  4:06  Drone  
  49  4:07  Zergling x2  
  49  4:08  Zergling x8  
  55  4:13  Zergling x2, Drone  
  55  4:14  Drone x3  
  60  4:25  Spore Crawler  
  60  4:27  Drone, Spore Crawler  
  59  4:32  Drone  
  59  4:33  Drone x3  
  59  4:35  Drone x3  
  66  4:42  Spore Crawler  
  65  4:49  Queen x2  
  65  4:50  Queen  
  65  4:51  Drone  
  65  4:52  Drone x4  
  76  4:55  Drone x3  
  76  4:56  Extractor  
  76  4:58  Extractor  
  77  5:03  Extractor  
  77  5:04  Extractor  
  77  5:06  Extractor  
  67  5:18  Drone  
  67  5:19  Drone x9  
  76  5:21  Drone  
  76  5:35  Drone  
  76  5:36  Drone  
  76  5:37  Drone  
  76  5:38  Overlord x3  
  79  5:45  Overlord  
  79  5:46  Overlord x2  
  79  5:47  Lair  
  79  5:53  Hatchery  
  79  5:56  Drone x3  
  81  6:03  Drone x5  
  86  6:05  Drone  
  86  6:06  Drone x2  
  86  6:08  Baneling Nest  
  86  6:10  Drone x2  
  90  6:16  Queen x2  
  90  6:17  Hatchery  
  87  6:28  Drone x2  
  87  6:29  Drone x6  
  95  6:35  Evolution Chamber x2  
  93  6:52  Hydralisk Den  
  92  6:59  Drone x2  
  92  7:00  Drone x10  
  104  7:02  Drone x3  
  107  7:11  Zerg Melee Weapons Level 1  
  107  7:12  Zerg Ground Armor Level 1  
  107  7:14  Drone x4  
  107  7:15  Infestation Pit  
  110  7:20  Spire  
  109  7:29  Overlord x3  
  109  7:32  Burrow  
  109  7:33  Zergling x8  
  109  7:34  Zergling x14  
  120  7:46  Zergling x2, Extractor  
  120  7:47  Zergling x16, Extractor  
  120  7:49  Grooved Spines  
  120  7:50  Centrifugal Hooks  
  120  7:51  Hive  
  127  7:59  Baneling  
  127  8:00  Baneling x14  
  127  8:01  Zergling x10  
  127  8:02  Zergling x4, Pneumatized Carapace  
  134  8:09  Drone  
  134  8:12  Hatchery  
  134  8:16  Spore Crawler  
  133  8:20  Drone x4  
  133  8:21  Drone x2  
  139  8:29  Hydralisk x9  
  148  8:41  Zergling x16  
  132  8:50  Zerg Flyer Weapons Level 1  
  132  8:53  Zergling x18  
  141  9:02  Muscular Augments  
  141  9:05  Overlord x5  
  141  9:06  Hydralisk  
  141  9:07  Zerg Missile Weapons Level 1  
  141  9:08  Zerg Ground Armor Level 2  
  143  9:11  Adrenal Glands  
  143  9:28  Hydralisk x8  
  143  9:29  Hydralisk x4  
  143  9:30  Zergling x2  
  143  9:31  Zergling x4  
  170  9:32  Hatchery  
  169  9:58  Baneling  
  169  9:59  Baneling x21  
  169  10:00  Baneling x14, Zergling x2  
  169  10:01  Zergling x32  
  169  10:02  Zergling x4  
  188  10:08  Drone  
  188  10:09  Drone x7  
  196  10:14  Hatchery  
  195  10:34  Zergling x2  
  195  10:35  Zergling x8  
  161  10:51  Zergling x4  
  161  10:52  Zergling x50  
  161  10:56  Hydralisk x7  
  189  11:01  Zergling x2  
  189  11:02  Zergling x4  
  197  11:18  Hydralisk x3  
  166  11:30  Hydralisk x2  
  166  11:31  Zergling x2  
  166  11:32  Zergling x34  
  172  11:33  Zergling x4  
  166  11:42  Hydralisk x14  
  166  11:43  Hydralisk x2  
  194  11:48  Zergling x2  
  194  11:49  Zergling x4  
  194  11:52  Hydralisk  
  194  11:53  Hydralisk x3  
  180  12:01  Hydralisk x8  
  157  12:06  Ultralisk Cavern  
  160  12:16  Zergling x2  
  160  12:17  Zergling x32  
  162  12:27  Viper x2  
  167  12:30  Zergling x20  
  167  12:35  Overseer  
  160  12:44  Swarm Host  
  160  12:45  Zergling x18  
  160  12:46  Zergling x2  
  163  12:55  Hydralisk  
  163  12:56  Hydralisk x9  
  178  12:59  Queen, Overseer  
  176  13:12  Zergling x2  
  177  13:13  Zergling x32  
  189  13:23  Hydralisk x5  
  189  13:24  Hydralisk x2  
  193  13:30  Unknown  
  193  13:31  Hydralisk  
  193  13:32  Viper  
  193  13:33  Hydralisk  
  198  13:34  Zergling x2  
Show
View Real Time Build Order
Export as new Build Order

bmoneyAK Terran - Winner!

Build Orders: Reaper Expand, Mech 

Get SALT Encoding   

  12  0:01  SCV  
  13  0:13  SCV  
  14  0:17  Supply Depot  
  14  0:25  SCV  
  15  0:38  SCV  
  16  0:42  Barracks  
  16  0:46  Refinery  
  16  0:50  SCV  
  17  1:03  SCV  
  18  1:15  SCV  
  19  1:31  Orbital Command, Reaper  
  20  1:43  Command Center  
  20  1:57  SCV  
  21  2:02  Supply Depot  
  21  2:03  Marine  
  22  2:09  SCV  
  22  2:14  Factory  
  23  2:19  Refinery  
  23  2:24  SCV  
  23  2:25  Barracks Reactor  
  24  2:36  SCV  
  24  2:37  Bunker  
  25  2:48  SCV  
  26  2:55  Orbital Command  
  26  3:00  SCV  
  27  3:14  Hellion  
  27  3:16  Hellion  
  32  3:20  SCV  
  32  3:30  Command Center  
  32  3:32  SCV  
  32  3:33  SCV  
  34  3:38  Hellion  
  38  3:41  Hellion  
  38  3:44  SCV  
  39  3:52  SCV  
  39  3:54  Supply Depot  
  40  3:56  SCV  
  40  3:57  Supply Depot  
  40  4:02  Hellion  
  43  4:04  SCV  
  43  4:06  Hellion  
  46  4:14  Barracks Tech Lab  
  46  4:15  Factory  
  46  4:16  SCV x2  
  47  4:26  Armory  
  47  4:28  SCV, Hellion  
  50  4:33  Hellion  
  50  4:34  SCV  
  53  4:40  SCV  
  53  4:43  Refinery  
  53  4:44  Refinery  
  54  4:46  SCV  
  54  4:47  Supply Depot  
  54  4:52  Hellion  
  57  4:56  Hellion  
  59  5:03  Factory  
  59  5:04  SCV x2  
  61  5:13  Hellion  
  63  5:17  SCV x2, Orbital Command  
  63  5:19  Hellion  
  55  5:25  Siege Tank  
  58  5:29  SCV x2  
  58  5:35  Hellion  
  62  5:41  SCV  
  65  5:42  Hellion  
  65  5:48  Factory Tech Lab  
  65  5:49  SCV  
  66  5:50  Terran Vehicle And Ship Armor Level 1  
  66  5:52  Armory  
  66  5:55  Engineering Bay  
  66  5:58  Marine, Factory  
  66  6:00  Supply Depot  
  66  6:02  Siege Tank  
  70  6:04  SCV  
  70  6:06  SCV x2  
  75  6:11  Hellion  
  73  6:23  Supply Depot  
  65  6:27  Siege Tank  
  66  6:33  Missile Turret  
  70  6:40  Hellion x2, Thor  
  70  6:43  Factory Tech Lab, Missile Turret  
  70  6:45  SCV  
  77  6:47  Terran Vehicle Weapons Level 1  
  77  6:50  Missile Turret  
  77  6:55  Marine  
  77  6:57  SCV x2  
  77  6:59  SCV, Thor  
  87  7:04  Widow Mine x2  
  87  7:07  Missile Turret  
  91  7:09  SCV x2  
  91  7:11  SCV, Supply Depot  
  94  7:17  Thor  
  94  7:19  Infernal Pre-Igniter  
  94  7:21  SCV  
  101  7:25  SCV x2  
  101  7:27  Hellion  
  101  7:29  Missile Turret  
  105  7:30  Refinery  
  105  7:32  Hellion  
  105  7:33  Refinery, SCV  
  108  7:41  Thor  
  108  7:43  Siege Tank  
  117  7:51  Supply Depot  
  117  7:53  Supply Depot  
  117  7:55  Hellion  
  117  7:56  Hellion  
  121  8:01  Hellion  
  121  8:02  SCV x2  
  121  8:03  Command Center  
  125  8:15  Thor  
  125  8:16  Terran Vehicle And Ship Armor Level 2  
  125  8:17  Hellion  
  133  8:23  Supply Depot  
  133  8:26  Hellion, Siege Tank  
  134  8:34  Hellion  
  134  8:38  Hellion  
  112  8:46  Hellion x4  
  112  8:47  Terran Vehicle Weapons Level 2  
  112  8:48  Hellion  
  114  8:51  Starport  
  116  8:55  Hellion  
  116  8:58  Hellion  
  116  8:59  Hellion  
  116  9:02  Hellion, Missile Turret  
  122  9:06  Factory  
  122  9:09  Hellion  
  124  9:16  Siege Tank  
  127  9:22  Thor  
  127  9:23  Thor  
  139  9:31  Hellion  
  141  9:33  Hellion  
  143  9:39  Planetary Fortress  
  135  9:48  Siege Tank  
  135  9:52  Hellion  
  140  9:55  Hellion, Factory Tech Lab  
  140  9:56  Missile Turret  
  140  9:57  Starport Reactor  
  140  9:59  Starport  
  142  10:01  SCV x2  
  142  10:05  SCV, Siege Tank  
  142  10:06  Hellion  
  150  10:07  Supply Depot  
  150  10:13  SCV x2, Command Center  
  152  10:14  Siege Tank  
  152  10:15  Hellion  
  152  10:20  Hellion  
  152  10:21  Siege Tank  
  162  10:23  SCV x2  
  162  10:25  SCV x2  
  162  10:27  Hellion  
  168  10:33  Supply Depot  
  168  10:35  Refinery, SCV x2  
  170  10:37  Hellion, Supply Depot, Starport Tech Lab  
  170  10:38  Viking x2, Hellion  
  170  10:39  Refinery  
  158  10:51  Hellion x2  
  158  10:53  Hellion  
  158  10:55  Hellion  
  166  10:58  Hellion  
  168  11:10  Hellion  
  166  11:12  Hellion x2  
  166  11:14  Hellion  
  166  11:15  Terran Vehicle Weapons Level 3  
  166  11:16  Hellion  
  170  11:20  Hellion  
  155  11:31  Hellion  
  142  11:34  Hellion x2  
  142  11:35  Hellion  
  142  11:37  Hellion  
  148  11:41  Hellion  
  148  11:44  Orbital Command  
  146  11:51  Viking  
  146  11:53  Hellion  
  144  11:55  Hellion x2  
  144  11:56  Siege Tank  
  144  11:59  Hellion  
  133  12:02  Hellion  
  133  12:14  Siege Tank, Banshee  
  127  12:16  Hellion x2  
  127  12:20  Siege Tank  
  116  12:24  Hellion  
  116  12:29  Hellion  
  120  12:38  Hellion x2  
  120  12:42  Viking x2  
  109  12:45  Hellion  
  109  12:46  Hellion  
  109  12:50  Hellion  
  99  12:52  Hellion  
  99  12:57  Banshee  
  95  12:59  Hellion x2  
  95  13:06  Hellion  
  95  13:08  Hellion  
  95  13:12  Viking, Hellion  
  102  13:14  Hellion  
  86  13:20  Hellion  
  86  13:21  Hellion  
  79  13:28  Hellion  
  79  13:29  Hellion  
  79  13:33  Hellion  
  83  13:35  Siege Tank  
  86  13:42  Hellion, Siege Tank  
  91  13:49  Hellion  
  91  13:50  Siege Tank  
  91  13:54  Siege Tank  
  99  14:03  Hellion  
  99  14:07  Hellion  
  103  14:11  Hellion  
Tags
 
Composition
Mech
League
Diamond
Matchup
TvZ
Spawn Locations
Cross Positions
Add a new tag
Caveats
  • Supply blocks, unpowered buildings, or Contaminate may cause inaccurate times.
  • Supply counts are checked every 10 seconds.